AoeStats
← 17_Neo_

Arabia

506639123Analyzed
1v1 RM · 18d ago on Sep 14, 2026· 49m 55s· 2 players
Game mode
Random Map
Map size
Tiny (2 player)
Population
200
Speed
Normal
Resources
Standard
Victory
Conquest
Starting age
Dark Age
Ending age
Imperial Age
RankedLock teamsTeams togetherTeam positionsShared explorationLock speedFull tech treeHidden civsTurbo modeCheats
Victory
Defeat
🇨🇴 Maya · Colombia
1666
+12
🇷🇺 Bohemians · Russia
1584
-12
Egbert
6:57 Loom
9:34 Feudal Age
10:50 Double-Bit Axe
11:21 Fletching
22:09 Castle Age
21:59 Wheelbarrow
21:07 Horse Collar
21:36 Padded Archer Armor
23:46 Bow Saw
25:30 Chemistry
25:34 Fervor
34:49 Sanctity
39:44 Imperial Age
37:00 Town Watch
38:50 Hand Cart
39:00 Wagenburg Tactics
39:53 Heavy Plow
40:35 Siege Engineers
41:51 Bodkin Arrow
42:24 Masonry
45:34 Architecture
47:13 Conscription
17_Neo_
0:27 Loom
9:11 Feudal Age
9:46 Double-Bit Axe
9:42 Horse Collar
12:12 Wheelbarrow
13:09 Fletching
17:03 Padded Archer Armor
22:28 Castle Age
22:14 Gold Mining
23:23 Bodkin Arrow
23:34 Thumb Ring
24:57 Ballistics
25:32 Leather Archer Armor
30:23 Elite Skirmisher
33:45 Bow Saw
36:14 Town Watch
39:27 Imperial Age
38:22 Hul'che Javelineers
38:53 Heavy Plow
39:23 Hand Cart
38:49 Pikeman
39:30 Squires
39:31 Scale Mail Armor
39:41 Forging
40:29 Conscription
40:15 Bracer
41:39 Chemistry
41:52 Ring Archer Armor
41:38 Onager
43:57 Eagle Warrior
45:59 Chain Mail Armor
45:54 Forging
47:23 Plate Mail Armor
46:43 Arson
46:39 Elite Eagle Warrior
48:13 Iron Casting
49:18 Holcans
Connection lost

Rejoining the realm…

Still unreachable

The connection could not be restored.

Session expired

The server has moved on; the page needs a fresh start.